 Dungeon Crawl Stone Soup version 0.27.1-4-g1640c2035a (webtiles) character file.

Game seed: 12565837082440090520

29 Asuta the Poker (level 3, -2/30 HPs)
             Began as a Ghoul Gladiator on Nov 18, 2021.
             Slain by a worm (7 damage)
             ... on level 2 of the Dungeon.
             The game lasted 00:03:45 (951 turns).

Asuta the Poker (Ghoul Gladiator)                    Turns: 951, Time: 00:03:45

Health: -2/30      AC:  5    Str: 18    XL:     3   Next: 16%
Magic:  2/2        EV: 12    Int:  3    God:
Gold:   37         SH:  0    Dex: 10    Spells: 2/2 levels left

rFire    . . .     SeeInvis +   a - +0 trident
rCold    + . .     Faith    .   (no shield)
rNeg     + + +     Spirit   .   b - +0 leather armour
rPois    ∞         Reflect  .   c - +0 helmet
rElec    .         Harm     .   f - +0 cloak
rCorr    .         Rampage  .   (no gloves)
Will     .....                  (no boots)
Stlth    +.........             (no amulet)
HPRegen  0.00/turn              i - ring of see invisible
MPRegen  0.08/turn              (no ring)

@: inhibited regen
A: claws 1, cold resistance 1, negative energy resistance 3, inhibited
regeneration, torment resistance 2
a: no special abilities


You were on level 2 of the Dungeon.
You visited 1 branch of the dungeon, and saw 2 of its levels.

You collected 37 gold pieces.

Inventory:

Hand Weapons
 a - a +0 trident (weapon)
Missiles
 d - a throwing net (quivered)
Armour
 b - a +0 leather armour (worn)
 c - a +0 helmet (worn)
 f - a +0 cloak (worn)
Jewellery
 i - a ring of see invisible (left claw)
Scrolls
 g - a scroll of fog {unknown}
 h - a scroll of teleportation {unknown}
Potions
 e - 4 potions of curing {unknown}


   Skills:
 + Level 2.3 Fighting
 + Level 3.3 Polearms
 + Level 2.0 Throwing
 + Level 0.2 Armour
 + Level 3.0 Dodging
 + Level 0.1 Stealth


You had 2 spell levels left.
You didn't know any spells.
Your spell library was empty.

Dungeon Overview and Level Annotations

Branches:
Dungeon (2/15)

Altars:


Innate Abilities, Weirdness & Mutations

You thrive by killing the living.
You are immune to poison.
You have sharp fingernails.
Your flesh is cold resistant. (rC+)
You are immune to negative energy. (rN+++)
You do not regenerate when monsters are visible.
You are immune to unholy pain and torment.


Message History

You puncture the hobgoblin!
You kill the hobgoblin!
You feel better. The adder bites you. The worm completely misses you.
The adder barely misses you.
A frilled lizard comes into view.
The frilled lizard hisses angrily.
You hit the adder.
The adder is lightly wounded.
The adder closely misses you.
You miss the adder.
The adder is lightly wounded.
The adder bites you but does no damage. The worm misses you.
The adder barely misses you.
You closely miss the adder.
The adder is lightly wounded.
The adder bites you but does no damage.
You puncture the adder!
The adder is severely wounded.
The adder bites you but does no damage. The worm completely misses you.
You barely miss the adder.
The adder is severely wounded.
The adder bites you but does no damage. The adder bites you.
* * * LOW HITPOINT WARNING * * *
You miss the adder.
The adder is severely wounded.
The adder barely misses you. The worm bites you.
* * * LOW HITPOINT WARNING * * *
The adder misses you.
You hit the adder.
The adder is almost dead.
The frilled lizard barely misses you. The adder barely misses you.
The worm barely misses you.
You hit the adder.
The adder is almost dead.
The frilled lizard bites you but does no damage.
The adder misses you.
You hit the adder.
You kill the adder!
The frilled lizard barely misses you. The worm bites you!
You die...

#.# .#.$# #.# #.#.. #.#
#... #.# #.. #.# #.####
# #.####...$#.#
###########...)......)#
..............)w).....##
################@.......
#...............l.....##
........................
#.############.######.##
......# #. # #.###....
.. #)# .. .. ..# ... ###


You could see a worm and a frilled lizard.

Vanquished Creatures
  An adder (D:2)
  A worm (D:2)
  A dart slug (D:1)
  A ball python (D:2)
  2 bats (D:1)
  2 endoplasms
  3 hobgoblins
  3 kobolds
  A quokka (D:1)
  5 goblins
  A rat (D:1)
21 creatures vanquished.

Notes
Turn   | Place    | Note
-------+----------+-------------------------------------------
     0 | D:1      | Asuta the Ghoul Gladiator began the quest for the Orb.
     0 | D:1      | Reached XP level 1. HP: 17/17 MP: 0/0
   288 | D:1      | Reached XP level 2. HP: 24/24 MP: 1/1
   925 | D:2      | Reached XP level 3. HP: 26/30 MP: 2/2
   951 | D:2      | Slain by a worm

Illustrated notes

Levels and vault maps discovered:
D:1:      evilmike_arrival_plus, layout_loops_cross
D:2:      layout_basic, minmay_pentomino_q4, uniq_jessica

Skill      XL: |  1  2  3 |
---------------+----------+-----
Polearms       | 3 |  3.3
Throwing       | 2 |  2.0
Dodging        | 3 |  3.0
Fighting       | |  2.3
Armour         | |  0.2
Stealth        | |  0.1

Action                   || total
-------------------------++-------
Melee: Trident           ||    74
Throw: Throwing net      ||     7
 Stab: Held in net/web   ||     2
Armor: Leather armour    ||    32
Dodge: Dodged            ||    61
